 Dungeon Crawl Stone Soup version 0.28-a0-1234-g826d19b2e0 (webtiles) character file.

Game seed: 15351299424345715958

52 Zonian the Sneak (level 3, -2/18 HPs)
             Began as a Vine Stalker Brigand on Dec 24, 2021.
             Was a Follower of Wu Jian.
             Slain by a goblin (3 damage)
             ... led by Robin
             ... on level 2 of the Dungeon.
             The game lasted 00:02:33 (2237 turns).

Zonian the Sneak (Vine Stalker Brigand)             Turns: 2237, Time: 00:02:34

Health: -2/18      AC:  3    Str: 13    XL:     3   Next: 85%
Magic:  0/4        EV: 12    Int: 11    God:    Wu Jian [*.....]
Gold:   45         SH:  0    Dex: 17    Spells: 0/2 levels left

rFire   . . .      SeeInvis .   a - +2 dagger
rCold   . . .      Faith    .   (no shield)
rNeg    . . .      Spirit   +   b - +0 robe
rPois   .          Reflect  .   (no helmet)
rElec   .          Harm     .   c - +0 cloak
rCorr   .          Rampage  .   (no gloves)
Will    .....                   (no boots)
Stlth   +++.......              (no amulet)
HPRegen 0.06/turn               (no ring)
MPRegen 0.09/turn               (no ring)

@: no status effects
A: fangs 2, magic shield, antimagic bite, no potion heal 2
a: Renounce Religion


You were on level 2 of the Dungeon.
You worshipped Wu Jian.
Wu Jian was aware of your devotion.
You visited 1 branch of the dungeon, and saw 2 of its levels.

You collected 45 gold pieces.

Inventory:

Hand Weapons
 a - a +2 dagger (weapon)
Missiles
 d - 29 poisoned darts (quivered)
 e - 2 curare-tipped darts
Armour
 b - a +0 robe (worn)
 c - a +0 cloak (worn)
 h - a scarf of harm
Scrolls
 f - a scroll of teleportation {unknown}
 i - a scroll of noise {unknown}
Potions
 g - a potion of haste {unknown}


   Skills:
 + Level 2.2 Fighting
 + Level 2.2 Short Blades
 + Level 2.2 Throwing
 + Level 1.3 Dodging
 + Level 5.2 Stealth
 + Level 0.2 Translocations


You couldn't memorise any spells.
You knew the following spells:

 Your Spells              Type           Power      Damage    Failure   Level
a - Blink                 Tloc           0%         N/A       43%         2

Your spell library contained the following spells:

 Spells                   Type           Power      Damage    Failure   Level
 Conjure Flame            Conj/Fire      0%         6-21      71%         3
 Ignite Poison            Fire/Tmut/Pois 0%         N/A       71%         3
 Sticky Flame             Conj/Fire      0%         2d3       98%         4
 Manifold Assault         Tloc           0%         N/A       100%        5
 Storm Form               Tmut/Air       0%         N/A       100%        7


Dungeon Overview and Level Annotations

Branches:
Dungeon (2/15)

Altars:
Wu Jian

Annotations:
D:2 Robin


Innate Abilities, Weirdness & Mutations

You have extremely sharp teeth.
When hurt, damage is shared between your health and your magic reserves.
Your bite disrupts and absorbs the magic of your enemies.
Potions cannot restore your health.


Message History

Robin is lightly wounded.
Robin roars a battlecry!
The goblin goes into a battle-frenzy!
You barely miss Robin. You bite Robin. You drain their power.
Robin is moderately wounded.
Robin closely misses you.
You hit Robin. Your bite misses Robin.
Robin is heavily wounded.
Robin hits you with a +0 spear.
You barely miss Robin. You bite Robin, but do no damage.
Robin is heavily wounded.
Robin says, "Feeling lonely?"
You barely miss Robin. You bite Robin, but do no damage.
Robin is heavily wounded.
Robin barely misses you.
Unknown command.
Robin roars a battlecry!
You see here a +0 club.
Robin throws the goblin at you!
Things that are here:
a +0 club; a +0 club; a goblin corpse You closely miss the goblin.
The goblin barely misses you. The goblin hits you with a +0 dagger.
Robin's bangles clink loudly.
Robin throws the goblin at you!
Unknown command.
You hit the goblin. Your bite misses the goblin.
The goblin is severely wounded.
The goblin misses you. The goblin barely misses you. x2
You hit the goblin.
You kill the goblin!
The Council accepts your kill. The goblin closely misses you.
The goblin hits you with a +0 club.
* * * LOW HITPOINT WARNING * * *
Robin hits you from afar with a +0 spear.
* * * LOW HITPOINT WARNING * * *
You spin and attack the goblin.
You hit the goblin.
The goblin is heavily wounded.
The goblin hits you with a +0 club.
You die...

##.## #g..... #g#
#..... #.### #.g.#
#...# #g## ###.# #.#
#.#######.#
#......##.##
#......#..g####
#.........g)g@#
#>.....#...##g#
#......##.###.########
#.###.###.# #.........
#.# #.# #.# ##########
#.###.# #.# #.....#
#.# ####### #.# #.#


You could see Robin, a hobgoblin (strong) and 2 goblins.

Vanquished Creatures
  An endoplasm (D:1)
  3 giant cockroaches (D:1)
  9 hobgoblins
  6 jackals (D:1)
  4 kobolds (D:1)
  3 ball pythons (D:1)
  2 bats (D:1)
  2 frilled lizards (D:1)
  11 goblins
  2 rats (D:1)
43 creatures vanquished.

Vanquished Creatures (others)
  A plant (D:1)
1 creature vanquished.

Grand Total: 44 creatures vanquished

Notes
Turn   | Place    | Note
-------+----------+-------------------------------------------
     0 | D:1      | Zonian the Vine Stalker Brigand began the quest for the
                  | Orb.
     0 | D:1      | Reached XP level 1. HP: 11/11 MP: 2/2
   115 | D:1      | Reached skill level 1 in Dodging
   115 | D:1      | Reached XP level 2. HP: 8/15 MP: 0/3
   122 | D:1      | Reached skill level 5 in Stealth
  1225 | D:1      | Reached XP level 3. HP: 15/18 MP: 4/4
  1652 | D:1      | Found a faded altar of an unknown god.
  1668 | D:1      | Prayed at the altar of an unknown god.
  1668 | D:1      | Became a worshipper of the Wu Jian Council
  1668 | D:1      | Reached * piety under Wu Jian
  1767 | D:1      | Learned a level 2 spell: Blink
  2146 | D:2      | Identified the +1 helmet of the Invisible Hand {Dex+2}
  2146 | D:2      | Noticed Robin
  2237 | D:2      | Slain by a goblin

Illustrated notes

Levels and vault maps discovered:
D:1:      sevenhm_arrival_forest_fort_large_4, layout_basic,
          hellmonk_ecumenical_altar_heavens_door
D:2:      layout_loops_corners, minmay_tetromino_s4, uniq_natasha, uniq_robin

Skill      XL: |  1  2 |
---------------+-------+-----
Dodging        | 1 |  1.3
Stealth        | 5 |  5.2
Fighting       | 2 |  2.2
Short Blades   | 2 |  2.2
Throwing       | 2 |  2.2
Translocations | |  0.2

Action                   || total
-------------------------++-------
Melee: Dagger            ||   129
       Bite              ||    30
Invok: Lunge             ||     6
       Whirlwind         ||     3
 Stab: Sleeping          ||     8
Armor: Robe              ||    25
Dodge: Dodged            ||    75

Table legend: (Time is in decaauts)
 A = Elapsed time spent in this place.
 B = Non-inter-level travel time spent in this place.
 C = Inter-level travel time spent in this place.
 D = Time resting spent in this place.
 E = Time spent auto-exploring this place.
 F = Levels seen in this place.
 G = Mean time per level.
                   A        B        C        D        E       F      G
               +--------+--------+--------+--------+--------+-----+--------+
         Total |   2224 |   2168 |     56 |    886 |    937 |   2 | 1112.0 |
       Dungeon |   2224 |   2168 |     56 |    886 |    937 |   2 | 1112.0 |
               +--------+--------+--------+--------+--------+-----+--------+

Top non-repeatable levels by time:
     D:1: 2088 daAuts
     D:2: 135 daAuts
